 Dungeon Crawl Stone Soup version 0.27.1 (webtiles) character file.

Game seed: 12863750828313655795

40702 spiderkeys the Nimble (level 14, -5/103 HPs)
             Began as a Human Hedge Wizard on Aug 28, 2021.
             Was the Champion of Elyvilon.
             Succumbed to Rupert's poison
             ... on level 4 of the Lair of Beasts.
             The game lasted 01:09:21 (20914 turns).

spiderkeys the Nimble (Human Hedge Wizard)         Turns: 20914, Time: 01:09:21

Health: -5/103     AC: 10    Str: 11    XL:     14   Next: 46%
Magic:  2/23       EV: 17    Int: 22    God:    Elyvilon [******]
Gold:   1837       SH:  0    Dex: 13    Spells: 2/25 levels left

rFire    . . .     SeeInvis .   a - +9 spear of Flawed Execution {venom, *Noise Int+3}
rCold    . . .     Faith    .   (no shield)
rNeg     . . .     Spirit   .   I - +0 robe
rPois    .         Reflect  .   l - +2 hat
rElec    .         Harm     .   C - +1 cloak
rCorr    .         Rampage  .   X - +1 pair of gloves
Will     .....                  c - +1 pair of boots
Stlth    ++........             g - amulet of regeneration
HPRegen  1.27/turn              Y - +4 ring of slaying
MPRegen  0.18/turn              (no ring)

@: lethally poisoned (-5 -> -62), weak-willed
A: no striking features
a: Renounce Religion, Lesser Healing, Heal Other, Purification, Greater Healing,
Divine Vigour, Divine Protection


You were on level 4 of the Lair of Beasts.
You worshipped Elyvilon.
Elyvilon was exalted by your worship.
You visited 3 branches of the dungeon, and saw 18 of its levels.

You collected 1837 gold pieces.


   Skills:
 + Level 7.1 Fighting
 - Level 10.0 Long Blades
 + Level 12.0 Dodging
 - Level 3.5 Stealth
 - Level 6.0 Spellcasting
 + Level 11.7 Conjurations
 - Level 1.0 Summonings
 - Level 1.0 Translocations
 + Level 7.6 Air Magic
 - Level 8.6 Invocations


You had 2 spell levels left.
You knew the following spells:

 Your Spells              Type           Power      Damage    Failure   Level
a - Airstrike             Air            20%        N/A       4%          4
b - Iskenderun's Battles  Conj           55%        2d11      1%          5
c - Mephitic Cloud        Conj/Pois/Air  35%        N/A       1%          3
d - Dazzling Flash        Conj/Hex       64%        N/A       2%          3
l - Lightning Bolt        Conj/Air       24%        1d40      4%          5
m - Magic Dart            Conj           100%       1d8       1%          1
B - Blink                 Tloc           N/A        N/A       9%          2

Your spell library contained the following spells:

 Spells                   Type           Power      Damage    Failure   Level
 Poisonous Vapours        Pois/Air       46%        N/A       3%          2
 Beastly Appendage        Tmut           12%        N/A       9%          1
 Sting                    Tmut/Pois      24%        1d4       9%          1
 Call Imp                 Summ           11%        N/A       9%          2
 Slow                     Hex            6%         N/A       14%         2
 Wereblood                Tmut           6%         N/A       14%         2
 Conjure Flame            Conj/Fire      32%        6-21      2%          3
 Summon Lightning Spire   Summ/Air       25%        N/A       16%         4
 Gell's Gravitas          Tloc           5%         N/A       19%         3
 Teleport Other           Tloc           11%        N/A       19%         3
 Portal Projectile        Hex/Tloc       16%        N/A       22%         3
 Fireball                 Conj/Fire      16%        3d8       22%         5
 Ozocubu's Armour         Ice            6%         N/A       26%         3
 Spider Form              Tmut/Pois      3%         N/A       26%         3
 Conjure Ball Lightning   Conj/Air       24%        3x3d7     26%         6
 Silence                  Hex/Air        11%        N/A       47%         5
 Orb of Destruction       Conj           27%        9d11      54%         7
 Olgreb's Toxic Radiance  Pois           6%         N/A       65%         4
 Agony                    Necr           6%         N/A       94%         5
 Blade Hands              Tmut           3%         N/A       94%         5
 Excruciating Wounds      Necr           3%         N/A       94%         5
 Dispersal                Tloc           5%         N/A       100%        6
 Ozocubu's Refrigeration  Ice            3%         4d5       100%        7

Inventory:

Hand Weapons
 a - the +9 spear of Flawed Execution (weapon) {venom, *Noise Int+3}
   (You found it on level 4 of the Dungeon)

   It poisons the flesh of those it strikes.
   Int:       It affects your intelligence (+3).
   *Noise:    It may make noises in combat.
 b - a +7 vorpal hunting sling
   (You took it off Joseph on level 9 of the Dungeon)
 x - a +1 rapier of electrocution
   (You took it off Eustachio on level 5 of the Dungeon)
 H - a +5 falchion
   (You took it off a wight on level 9 of the Dungeon)
 R - a +3 scimitar of flaming
   (You took it off Erica on level 11 of the Dungeon)
Missiles
 f - 119 sling bullets
 i - 204 bolts
 j - 588 stones
 k - 11 boomerangs
 n - 190 arrows
 o - 9 silver boomerangs
 D - 27 poisoned darts
 E - 2 javelins
 F - 3 throwing nets {=f!f}
 T - 3 curare-tipped darts {=f}
 Z - 7 silver javelins
Armour
 c - a +1 pair of boots (worn)
   (You found it on level 4 of the Lair of Beasts)
 l - a +2 hat (worn)
   (You found it on level 3 of the Lair of Beasts)
 C - a +1 cloak (worn)
   (You took it off Crazy Yiuf on level 6 of the Dungeon)
 I - a +0 robe (worn)
 X - a +1 pair of gloves (worn)
   (You found it on level 4 of the Lair of Beasts)
Magical Staves
 u - a staff of cold {!a}
   (You found it on level 6 of the Dungeon)
Jewellery
 d - an amulet of magic regeneration
   (You found it on level 4 of the Dungeon)
 g - an amulet of regeneration (around neck)
   (You found it on level 1 of the Dungeon)
 A - an amulet of the acrobat
   (You found it on level 5 of the Dungeon)
 Y - a +4 ring of slaying (left hand)
   (You found it on level 4 of the Lair of Beasts)
Wands
 y - a wand of acid (1)
   (You found it on level 11 of the Dungeon)
 J - a wand of digging (4)
   (You found it on level 9 of the Dungeon)
 K - a wand of iceblast (16)
   (You found it on level 1 of the Lair of Beasts)
 U - a wand of paralysis (5)
   (You found it on level 10 of the Dungeon)
 W - a wand of mindburst (11)
   (You found it on level 4 of the Lair of Beasts)
Scrolls
 h - 4 scrolls of amnesia
 r - 2 scrolls of magic mapping {!r}
 z - a scroll of enchant weapon
 G - 2 scrolls of immolation {!r!r}
 L - a scroll of teleportation {@r4}
 P - a scroll of silence {!r}
 V - a scroll of vulnerability {!r!r}
Potions
 e - 2 potions of lignification {!q}
 m - a potion of flight
 p - 5 potions of heal wounds {@q2}
 s - 2 potions of ambrosia
 t - a potion of invisibility
 w - 7 potions of curing {@q1}
 B - a potion of haste {unknown}
 M - 2 potions of degeneration {unknown}
 N - 2 potions of berserk rage {unknown}
 O - a potion of brilliance {unknown}
 Q - 2 potions of cancellation {unknown}
 S - 2 potions of mutation {unknown}

Dungeon Overview and Level Annotations

Branches:
Dungeon (13/15)            Temple (1/1) D:4            Lair (4/6) D:11
 Shoals (0/4) Lair:2        Snake (0/4) Lair:3          Orc (0/2) D:12
 Vaults: D:13-14

Altars:
Ashenzari
Cheibriados
Dithmenos
Elyvilon
Fedhas
Gozag
Hepliaklqana
Kikubaaqudgha
Makhleb
Nemelex Xobeh
Okawaru
Qazlal
Ru
Sif Muna
Trog
Uskayaw
Vehumet
Wu Jian
Xom
Yredelemnul
Zin
The Shining One
Beogh

Shops:
D:7 *

Annotations:
D:8 2 transporters, cahman's ghost, novice HOMo
D:10 3 runed translucent doors, exclusion: ice statue, JackMcBride's ghost, novice MiFi; Nergalle; ZARRMARR's ghost, journeyman MiBe; thugbe's ghost, novice MiFi
D:12 Josephine
Lair:2 exclusion: oklob plant
Lair:4 Rupert

##...#####.#....#....####.....
#.............................
#.............................
##............................
##............................
#.............................
##..#.........................
#...#####.P.....#..####'P##...
##..##...P...@...#..##..###...
#...#.....+..............#...#
#P..##....#..ยง@..>.......#...#
#........#......#........#....
##....#.........#####.####...#
#....##.........##.#.###P....
###......................h.....
#............(.................
##............(...........h....


You could see Rupert (berserk, extremely poisoned, weak-willed).


Message History

Press: ? - help, Dir - move target, f/p - Rupert
Aim: Rupert, wielding a +1 battleaxe of venom and wearing a +0 ring mail (heavily wounded, berserk, very poisoned, slow, weak-willed)
The air twists around and strikes Rupert!!
Rupert rages. ๐Ÿ˜• HP[+2] MP[-4]
You regained 2 hp, and now have 98/103 hp.
You lost 4 mp, and now have 8/23 mp.
Casting: Airstrike (dangerous; 4% risk of failure)
Confirm with . or Enter, or press ? or * to list all spells.
You miscast Blink.
You are very lightly contaminated with residual magic.
Nothing appears to happen. ๐Ÿ˜• HP[+1] MP[-1]
You lost 1 mp, and now have 7/23 mp.
Casting: Blink (safe; 9% risk of failure)
Confirm with . or Enter, or press ? or * to list all spells.
You blink. ๐Ÿ˜• HP[+1] MP[-2]
You lost 2 mp, and now have 5/23 mp.
Okay, then.
Aiming: Iceblast
Press: ? - help, Shift-Dir - straight line, f/p - Rupert
Aim: Rupert, wielding a +1 battleaxe of venom and wearing a +0 ring mail (severely wounded, berserk, very poisoned, slow, weak-willed)
The mass of ice explodes!
The iceblast engulfs Rupert!
Rupert is no longer moving slowly. ๐Ÿ˜• HP[+1]
Aiming: Corrosive Bolt
Press: ? - help, Shift-Dir - straight line, f/p - Rupert
Aim: Rupert, wielding a +1 battleaxe of venom and wearing a +0 ring mail (severely wounded, berserk, very poisoned, weak-willed, 75% to hit)
The bolt of acid misses Rupert. ๐Ÿ˜Ž HP[+2]
Your hp is fully restored (103).
That's the wrong kind of item! (Use * to select it.) Evoke which item? (* to show all) (? for menu, Esc to quit)
Okay, then.
Aiming: Iceblast
Press: ? - help, Shift-Dir - straight line, p - Rupert The mass of ice explodes!
The iceblast engulfs Rupert!
Rupert barely misses you.
Rupert hits you with a +1 battleaxe of venom! ๐Ÿ˜• HP[-7]
You take 7 damage, and now have 96/103 hp.
Okay, then.
Casting: Blink (safe; 9% risk of failure)
Confirm with . or Enter, or press ? or * to list all spells.
You blink. ๐Ÿ˜• HP[+1] MP[-2]
You lost 2 mp, and now have 3/23 mp.
Aiming: Mindburst
Press: ? - help, Shift-Dir - straight line, f - Rupert
Aim: Rupert, wielding a +1 battleaxe of venom and wearing a +0 ring mail (severely wounded, berserk, very poisoned, weak-willed, chance to affect: 38%)
Okay, then.
Aiming: Iceblast
Press: ? - help, Shift-Dir - straight line, f - Rupert
Aim: Rupert, wielding a +1 battleaxe of venom and wearing a +0 ring mail (severely wounded, berserk, very poisoned, weak-willed)
Okay, then.
Casting: Blink (safe; 9% risk of failure)
Confirm with . or Enter, or press ? or * to list all spells.
Okay, then.
Press: ? - help, v - describe, . - travel
Here: Rupert, wielding a +1 battleaxe of venom and wearing a +0 ring mail (severely wounded, berserk, very poisoned, weak-willed)
The floor.
Okay, then.
Casting: Blink (safe; 9% risk of failure)
Confirm with . or Enter, or press ? or * to list all spells.
Okay, then.
Aiming: Iceblast
Press: ? - help, Shift-Dir - straight line, f - Rupert
Aim: Rupert, wielding a +1 battleaxe of venom and wearing a +0 ring mail (severely wounded, berserk, very poisoned, weak-willed)
The mass of ice explodes!
The iceblast engulfs Rupert! ๐Ÿ˜• HP[+1] MP[+1]
Aiming: Iceblast
Press: ? - help, Shift-Dir - straight line, f/p - Rupert
Aim: Rupert, wielding a +1 battleaxe of venom and wearing a +0 ring mail (almost dead, berserk, very poisoned, weak-willed)
The mass of ice explodes!
The iceblast engulfs Rupert.
Your magical contamination has completely faded away. ๐Ÿ˜• HP[+2]
You regained 2 hp, and now have 100/103 hp.
You hit Rupert but do no damage.
Rupert looks as sick as possible!
Rupert misses you.
Rupert hits you with a +1 battleaxe of venom!!!
You are poisoned. ๐Ÿ˜ฎ HP[-41]
You take 41 damage, and now have 59/103 hp.
MASSIVE DAMAGE!! (PAUSE)
You hit Rupert but do no damage.
You feel extremely sick.
Rupert hits you with a +1 battleaxe of venom!!
* * * LOW HITPOINT WARNING * * *
You are lethally poisoned!
Rupert hits you with a +1 battleaxe of venom!
* * * LOW HITPOINT WARNING * * *
You are more poisoned. ๐Ÿ˜ฑ HP[-51]
You take 51 damage, and now have 8/103 hp.
MASSIVE DAMAGE!! (PAUSE)
Casting: Blink (safe; 9% risk of failure)
Confirm with . or Enter, or press ? or * to list all spells.
You blink.
You die...

Skill      XL: |  1  2  3  4  5  6  7  8  9 10 11 12 13 14 |
---------------+-------------------------------------------+-----
Fighting       | 1 2 3 6 7 |  7.1
Stealth        | 3 |  3.5
Conjurations   | 2 3 4 5 6 7 9 10 11 | 11.7
Dodging        | 3 4 5 6 7 9 10 11 12 | 12.0
Spellcasting   | 4 5 6 |  6.0
Long Blades    | 1 3 4 6 8 9 10 | 10.0
Invocations    | 3 4 6 8 |  8.6
Air Magic      | 2 4 6 7 |  7.6
Summonings     | |  1.0
Translocations | |  1.0

Action                   |  1- 3 |  4- 6 |  7- 9 | 10-12 | 13-15 || total
-------------------------+-------+-------+-------+-------+-------++-------
Melee: Dagger            |    33 |    12 |       |       |       ||    45
       Flail             |       |    36 |     5 |       |       ||    41
       Falchion          |       |       |    93 |       |       ||    93
       Spear             |       |       |   107 |   558 |   498 ||  1163
       Scimitar          |       |       |       |     6 |       ||     6
 Fire: Hunting sling     |       |       |       |    66 |       ||    66
Throw: Boomerang         |     6 |     4 |     3 |       |       ||    13
       Dart              |       |       |       |     1 |     3 ||     4
       Javelin           |       |       |       |     1 |       ||     1
 Cast: Magic Dart        |    99 |   122 |   135 |   110 |    45 ||   511
       Mephitic Cloud    |       |       |       |    22 |     2 ||    24
       Blink             |       |       |       |     5 |    10 ||    15
       Airstrike         |       |       |       |     1 |   102 ||   103
       Dazzling Flash    |       |       |       |       |    22 ||    22
       Lightning Bolt    |       |       |       |       |     4 ||     4
       Iskenderun's Batt |       |       |       |       |     1 ||     1
Invok: Greater Healing   |       |       |       |     6 |     2 ||     8
       Lesser Healing    |       |       |       |     2 |       ||     2
       Purification      |       |       |       |     1 |     1 ||     2
Evoke: Wand              |       |    11 |     3 |    11 |    16 ||    41
  Use: Scroll            |     1 |     3 |     5 |    14 |     8 ||    31
       Potion            |       |       |     1 |     2 |     1 ||     4
 Stab: Sleeping          |       |     1 |     2 |     3 |     1 ||     7
       Confused          |       |       |       |    22 |       ||    22
       Distracted        |       |       |       |     1 |       ||     1
       Invisible         |       |       |       |       |     5 ||     5
Armor: Robe              |    11 |    13 |    43 |   147 |   149 ||   363
Dodge: Dodged            |    38 |    40 |   117 |   487 |   602 ||  1284
       Rpst.: Falchion   |       |       |    13 |       |       ||    13
       Scimitar          |       |       |       |     1 |       ||     1

Levels and vault maps discovered:
D:1:      wander_arrival_estate, layout_loops_corners,
          hellmonk_ecumenical_altar_pennies_from_heaven,
          kennysheep_pointless_box
D:2:      layout_rooms, uniq_sigmund, uniq_terence
D:3:      layout_loops_cross
D:4:      layout_rooms, tgw_trog, minmay_temple_entry_grid, minmay_unequal,
          uniq_ijyb
D:5:      layout_basic, grunt_ministairs_5, uniq_eustachio, uniq_prince_ribbit1,
          uniq_grinder
D:6:      layout_loops_ring, mainiacjoe_overflow_six_doors_small,
          kennysheep_generic_room_4, uniq_crazy_yiuf_cottage
D:7:      cheibrodos_iron_armory, layout_basic, cheibrodos_ashenzari_chains,
          serial_park_tiny_1, minmay_shop_mass
D:8:      layout_loops_cross, gammafunk_ghost_wrathful_warriors, uniq_harold
D:9:      layout_roguey, nemelex_xobeh_ov_fountains_minmay, serial_ice,
          serial_ice_j, serial_ice_a, serial_ice_f, serial_ice_o,
          minmay_three_doors, uniq_joseph, uniq_grum
D:10:     lemuel_ice_statue, layout_basic, gammafunk_ghost_cemetery,
          uniq_nergalle, uniq_erolcha
D:11:     layout_basic, erik_lair_dragon, lightli_church_of_beogh, uniq_erica,
          uniq_snorg
D:12:     layout_loops_ring, david_orc_3, uniq_azrael, uniq_josephine
D:13:     layout_cave_pods, elyvilon_altar_5
Temple:   compressed_dpeg_circular_temple
Lair:1:   layout_regular_city, grunt_megastairs_4
Lair:2:   minmay_lair_oklob_tunnel, layout_chaotic_city,
          minmay_shoals_entry_beasts
Lair:3:   layout_misc_corridors, minmay_snake_entry_six_corridors
Lair:4:   layout_regular_city, serial_bayou_crossing, uniq_rupert, uniq_sonja

Notes
Turn   | Place    | Note
-------+----------+-------------------------------------------
     0 | D:1      | spiderkeys the Human Hedge Wizard began the quest for the
                  | Orb.
     0 | D:1      | Reached XP level 1. HP: 13/13 MP: 4/4
     0 | D:1      | magus.rc [v1.9.10]
   305 | D:1      | Reached XP level 2. HP: 12/20 MP: 0/6
   453 | D:1      | Learned a level 2 spell: Blink
   556 | D:1      | Reached XP level 3. HP: 25/25 MP: 5/7
   847 | D:1      | Found a faded altar of an unknown god.
  1117 | D:1      | Reached skill level 1 in Fighting
  1931 | D:2      | Reached XP level 4. HP: 32/32 MP: 1/8
  2288 | D:2      | Noticed Terence
  2537 | D:2      | Noticed Sigmund
  2842 | D:3      | HP: 8/32 [orc priest/divine providence (11)]
  2845 | D:3      | Reached skill level 3 in Stealth
  2845 | D:3      | Reached skill level 2 in Conjurations
  2845 | D:3      | Reached XP level 5. HP: 7/37 MP: 7/10
  2847 | D:3      | HP: 8/37 [orc (2)]
  3311 | D:3      | Reached skill level 3 in Dodging
  3406 | D:3      | Reached skill level 2 in Fighting
  3637 | D:3      | Noticed an ice beast
  3708 | D:3      | Killed an ice beast
  3709 | D:3      | Reached XP level 6. HP: 45/45 MP: 11/11
  4056 | D:4      | Reached skill level 3 in Conjurations
  4111 | D:4      | Reached skill level 4 in Spellcasting
  4111 | D:4      | Reached XP level 7. HP: 51/51 MP: 8/13
  4372 | D:4      | Found a staircase to the Ecumenical Temple.
  4377 | Temple   | Entered the Ecumenical Temple
  4402 | Temple   | Became a worshipper of Elyvilon the Healer
  4482 | D:4      | Noticed Ijyb
  4501 | D:4      | Killed Ijyb
  4502 | D:4      | Reached skill level 3 in Fighting
  4515 | D:4      | Reached skill level 1 in Long Blades
  4515 | D:4      | Reached skill level 4 in Conjurations
  4603 | D:4      | Noticed a water moccasin
  4620 | D:4      | HP: 13/52 [water moccasin (6)]
  4623 | D:4      | Killed a water moccasin
  4624 | D:4      | Reached skill level 4 in Dodging
  4624 | D:4      | Reached XP level 8. HP: 9/58 MP: 12/14
  4625 | D:4      | HP: 9/58 [poisoned by a water moccasin]
  4917 | D:4      | Reached * piety under Elyvilon
  5072 | D:4      | Noticed a moth of wrath
  5075 | D:4      | Found a bloodstained altar of Trog.
  5353 | D:4      | Identified the +9 spear of Flawed Execution {venom, *Noise
                  | Int+3}
  5402 | D:5      | Entered Level 5 of the Dungeon
  5414 | D:4      | Reached skill level 2 in Long Blades
  5414 | D:4      | Reached skill level 1 in Invocations
  5551 | D:5      | Reached skill level 5 in Conjurations
  5551 | D:5      | Reached skill level 2 in Invocations
  5618 | D:5      | Reached skill level 5 in Spellcasting
  5707 | D:5      | Reached skill level 3 in Long Blades
  5797 | D:5      | Noticed Prince Ribbit
  5806 | D:5      | Killed Prince Ribbit
  5807 | D:5      | Reached skill level 5 in Dodging
  5807 | D:5      | Reached skill level 3 in Invocations
  5807 | D:5      | Reached XP level 9. HP: 54/63 MP: 12/16
  5832 | D:5      | Noticed Eustachio
  5834 | D:5      | Noticed Grinder
  5840 | D:5      | Killed Eustachio
  5897 | D:5      | Killed Grinder
  5898 | D:5      | Reached skill level 4 in Long Blades
  5898 | D:5      | Reached skill level 6 in Conjurations
  5898 | D:5      | Reached skill level 4 in Invocations
  5932 | D:5      | You pick up a book of Changes and begin reading...
  5932 | D:5      | You add the spells Beastly Appendage, Wereblood and Spider
                  | Form to your library.
  5937 | D:5      | Learned a level 3 spell: Mephitic Cloud
  6531 | D:5      | Reached ** piety under Elyvilon
  6668 | D:2      | Killed Sigmund
  6669 | D:2      | Reached skill level 1 in Air Magic
  6725 | D:2      | Killed Terence
  6726 | D:2      | Reached skill level 6 in Dodging
  7077 | D:6      | Found an iron altar of Okawaru.
  7238 | D:6      | Reached skill level 2 in Air Magic
  7252 | D:6      | Reached XP level 10. HP: 70/70 MP: 8/17
  7272 | D:6      | Reached skill level 5 in Invocations
  7487 | D:6      | You add the spells Sting, Poisonous Vapours and Olgreb's
                  | Toxic Radiance to your library.
  7654 | D:6      | Reached skill level 5 in Long Blades
  7752 | D:6      | Found a runed translucent door.
  7753 | D:6      | Noticed Crazy Yiuf
  7957 | D:6      | Killed Crazy Yiuf
  8240 | D:7      | Reached *** piety under Elyvilon
  8567 | D:7      | Found Isacel's Mass Market.
  8645 | D:7      | Reached skill level 7 in Conjurations
  8645 | D:7      | Reached skill level 3 in Air Magic
  8798 | D:7      | Found a broken altar of Ashenzari.
  8910 | D:8      | Found a transporter.
  9090 | D:8      | Found a transporter.
  9094 | D:8      | Noticed cahman's ghost (novice HOMo)
  9094 | D:8      | Noticed a two-headed ogre
  9096 | D:8      | Noticed a moth of wrath
  9097 | D:8      | Found a bloodstained altar of Trog.
  9116 | D:8      | Noticed Harold
  9143 | D:8      | Killed Harold
  9144 | D:8      | Reached skill level 7 in Dodging
  9144 | D:8      | Reached skill level 6 in Invocations
  9250 | D:8      | Reached **** piety under Elyvilon
  9411 | D:8      | You pick up a book of Weapons and begin reading...
  9411 | D:8      | You add the spells Portal Projectile, Excruciating Wounds
                  | and Blade Hands to your library.
  9636 | D:9      | Reached skill level 6 in Long Blades
  9636 | D:9      | Reached skill level 4 in Air Magic
  9862 | D:9      | Reached XP level 11. HP: 75/75 MP: 18/18
  9881 | D:9      | Noticed Joseph
  9891 | D:9      | HP: 18/75 [Joseph/sling bullet (5)]
  9898 | D:9      | HP: 13/75 [Joseph (15)]
  9899 | D:9      | HP: 6/75 [Joseph (8)]
  9906 | D:9      | Killed Joseph
 10009 | D:9      | Reached skill level 7 in Invocations
 10027 | D:9      | Reached skill level 8 in Conjurations
 10331 | D:9      | Found a sparkling altar of Nemelex Xobeh.
 10366 | D:9      | Noticed a deep elf archer
 10407 | D:9      | Killed a deep elf archer
 10408 | D:9      | Reached skill level 7 in Long Blades
 10408 | D:9      | Reached skill level 8 in Dodging
 10683 | D:9      | Noticed Grum
 10696 | D:9      | Killed Grum
 10698 | D:9      | HP: 17/75 [wight (10)]
 10906 | D:8      | HP: 9/57 [acid (14)]
 11097 | D:10     | Entered Level 10 of the Dungeon
 11143 | D:10     | You fall into a shaft and drop 3 floors!
 11143 | D:13     | Noticed a skeletal warrior
 11143 | D:13     | Noticed a deep elf pyromancer
 11150 | D:13     | Found a white marble altar of Elyvilon.
 11155 | D:13     | You add the spells Ozocubu's Armour and Ozocubu's
                  | Refrigeration to your library.
 11164 | D:12     | Noticed Josephine
 11182 | D:12     | Found a staircase to the Orcish Mines.
 11318 | D:12     | Noticed a cyclops
 11486 | D:10     | Noticed a two-headed ogre
 11506 | D:11     | HP: 3/75 [two-headed ogre (17)]
 11511 | D:11     | Reached skill level 8 in Invocations
 11518 | D:11     | HP: 16/75 [two-headed ogre (22)]
 11522 | D:11     | Killed a two-headed ogre
 11712 | D:11     | Noticed Snorg
 11727 | D:11     | HP: 14/75 [Snorg (11)]
 11738 | D:11     | Killed Snorg
 11739 | D:11     | Reached skill level 8 in Long Blades
 11739 | D:11     | Reached skill level 9 in Dodging
 11739 | D:11     | Reached skill level 9 in Conjurations
 11739 | D:11     | Reached XP level 12. HP: 30/81 MP: 17/19
 12190 | D:11     | Found a runed translucent door.
 12199 | D:11     | Noticed Erica
 12209 | D:11     | Killed Erica
 12513 | D:11     | Found a staircase to the Lair.
 12689 | D:11     | Reached skill level 9 in Long Blades
 12793 | D:11     | Reached skill level 10 in Conjurations
 12880 | D:10     | Noticed a two-headed ogre
 12890 | D:11     | Reached skill level 10 in Dodging
 12911 | D:11     | Killed a two-headed ogre
 13175 | D:10     | Noticed Erolcha
 13185 | D:10     | Killed Erolcha
 13258 | D:10     | Found a runed translucent gate.
 13259 | D:10     | Found a runed translucent gate.
 13260 | D:10     | Found a runed translucent gate.
 13261 | D:10     | Noticed thugbe's ghost (novice MiFi)
 13263 | D:10     | Noticed JackMcBride's ghost (novice MiFi)
 13263 | D:10     | Noticed ZARRMARR's ghost (journeyman MiBe)
 13529 | D:10     | You pick up a book of Storms and begin reading...
 13529 | D:10     | You add the spells Airstrike, Summon Lightning Spire and
                  | Lightning Bolt to your library.
 13541 | D:10     | Learned a level 4 spell: Airstrike
 13571 | D:10     | Noticed Nergalle
 13647 | D:10     | Reached ***** piety under Elyvilon
 13761 | D:10     | Identified a scroll of acquirement
 13761 | D:10     | Acquired 766 gold pieces
 14031 | Lair:1   | Entered Level 1 of the Lair of Beasts
 14100 | Lair:1   | Noticed a six-headed hydra
 14110 | Lair:1   | Killed a four-headed hydra
 14285 | Lair:1   | Noticed a six-headed hydra
 14288 | Lair:1   | Noticed a four-headed hydra
 14292 | Lair:1   | HP: 12/81 [four-headed hydra (12)]
 14292 | Lair:1   | HP: 3/81 [four-headed hydra (9)]
 14295 | Lair:1   | Killed a four-headed hydra
 14296 | Lair:1   | Reached XP level 13. HP: 16/87 MP: 18/20
 14300 | Lair:1   | Killed a four-headed hydra
 14693 | Lair:1   | You pick up a book of the Senses and begin reading...
 14693 | Lair:1   | You add the spells Dazzling Flash, Agony and Silence to
                  | your library.
 14700 | Lair:1   | Learned a level 5 spell: Lightning Bolt
 14704 | Lair:1   | Learned a level 3 spell: Dazzling Flash
 14725 | Lair:1   | Reached skill level 4 in Fighting
 14735 | Lair:1   | Noticed a four-headed hydra
 14754 | Lair:1   | Killed a four-headed hydra
 15014 | Lair:1   | You pick up a book of the Spheres and begin reading...
 15014 | Lair:1   | You add the spells Iskenderun's Battlesphere, Fireball,
                  | Conjure Ball Lightning and Orb of Destruction to your
                  | library.
 15021 | Lair:1   | Learned a level 5 spell: Iskenderun's Battlesphere
 15210 | Lair:1   | Reached skill level 10 in Long Blades
 15483 | Lair:2   | Reached skill level 5 in Air Magic
 15557 | Lair:2   | Noticed a four-headed hydra
 15592 | Lair:1   | HP: 16/89 [four-headed hydra (11)]
 15616 | Lair:1   | Killed a four-headed hydra
 15844 | Lair:2   | Reached skill level 6 in Spellcasting
 16154 | Lair:2   | Reached skill level 11 in Dodging
 16302 | Lair:2   | Reached skill level 5 in Fighting
 16339 | Lair:2   | You add the spells Gell's Gravitas, Teleport Other and
                  | Dispersal to your library.
 16352 | Lair:2   | Found a staircase to the Shoals.
 16938 | Lair:3   | You pick up a book of Weapons and begin reading...
 17018 | Lair:3   | Reached skill level 6 in Air Magic
 17097 | Lair:3   | HP: 15/92 [blink frog (13)]
 17246 | Lair:3   | Reached skill level 11 in Conjurations
 17990 | Lair:3   | Found a staircase to the Snake Pit.
 18136 | Lair:2   | HP: 17/93 [black mamba (11)]
 18199 | Lair:3   | Reached skill level 6 in Fighting
 18199 | Lair:3   | Reached XP level 14. HP: 78/100 MP: 18/23
 19052 | Lair:3   | Reached skill level 7 in Air Magic
 19105 | Lair:4   | Noticed Sonja
 19200 | Lair:4   | Killed Sonja
 19603 | Lair:4   | Reached ****** piety under Elyvilon
 19744 | Lair:4   | Noticed Rupert
 20005 | Lair:3   | Reached skill level 7 in Fighting
 20230 | Lair:4   | Reached skill level 12 in Dodging
 20893 | Lair:4   | Paralysed by Rupert for 6 turns
 20913 | Lair:4   | HP: 24/103 [Rupert (27)]
 20913 | Lair:4   | HP: 8/103 [Rupert (16)]
 20914 | Lair:4   | Succumbed to Rupert's poison

Vanquished Creatures
  Snorg (D:11)
  Erolcha (D:10)
  Harold (D:8)
  7 hydras
  Erica (D:11)
  2 two-headed ogres (D:11)
  Sonja (Lair:4)
  A deep elf archer (D:9)
  13 elephants
  2 manticores
  Joseph (D:9)
  8 black mambas
  A gargoyle (D:10)
  2 cane toads
  2 rime drakes
  3 kobold demonologists
  8 komodo dragons
  Prince Ribbit (D:5)
  Grinder (D:5)
  2 trolls
  3 polar bears (D:9)
  10 blink frogs
  3 slime creatures
  A wind drake (Lair:2)
  Sigmund (D:2)
  2 shadows
  3 wraiths (D:11)
  2 wyverns
  19 yaks
  Eustachio (D:5)
  A steam dragon (D:10)
  6 basilisks
  Grum (D:9)
  22 water moccasins
  5 orc warriors (D:11)
  A swamp drake (D:11)
  5 ice beasts
  A black bear (D:5)
  3 ogres
  2 necrophages
  3 centaurs
  14 wolves
  A phantom (D:5)
  2 kobold brigands
  9 bullfrogs
  4 scorpions
  A gnoll sergeant (D:9)
  2 wyvern skeletons
  5 killer bees (D:10)
  13 wights
  3 electric eels (D:9)
  6 centaur zombies
  2 bullfrog zombies (D:5)
  2 hounds
  3 jellies
  2 centaur skeletons
  5 orc priests
  Crazy Yiuf (D:6)
  Ijyb (D:4)
  Terence (D:2)
  An iguana (D:4)
  9 orc wizards
  A killer bee zombie (D:5)
  A hound skeleton (D:4)
  A howler monkey zombie (D:6)
  11 gnolls
  4 adders
  A howler monkey skeleton (D:6)
  A shadow imp (D:8)
  7 white imps
  4 ufetubi
  4 worms
  3 dart slugs
  32 orcs
  8 ball pythons
  7 bats
  4 endoplasms
  6 giant cockroaches
  6 hobgoblins
  11 kobolds
  2 quokkas (D:2)
  2 frilled lizards
  2 goblins (D:2)
  9 rats
368 creatures vanquished.

Vanquished Creatures (others)
  A komodo dragon (D:11)
  28 fungi
  53 plants
  4 withered plants (D:10)
86 creatures vanquished.

Grand Total: 454 creatures vanquished

Table legend:
 A = Non-vault XP
 B = Vault XP
 C = Vault XP percentage of total XP
 D = Non-vault monster count
 E = Vault monster count
 F = Vault count percentage of total count
                 A         B        C        D         E       F
            +---------+---------+-------+---------+---------+-------
      Total |   41588 |   16559 |  28.5 |     286 |      83 |  22.5
            +---------+---------+-------+---------+---------+-------
        D:1 |      50 |       0 |   0.0 |      24 |       0 |   0.0
        D:2 |      66 |     259 |  79.7 |      20 |       2 |   9.1
        D:3 |     314 |       0 |   0.0 |      29 |       0 |   0.0
        D:4 |     700 |     242 |  25.7 |      21 |       8 |  27.6
        D:5 |     832 |    1171 |  58.5 |      14 |       6 |  30.0
        D:6 |     731 |      40 |   5.2 |      17 |       1 |   5.6
        D:7 |    1061 |       0 |   0.0 |      10 |       0 |   0.0
        D:8 |     739 |    1148 |  60.8 |      14 |       2 |  12.5
        D:9 |     712 |    3217 |  81.9 |      11 |      19 |  63.3
       D:10 |    1675 |     973 |  36.7 |      15 |       1 |   6.2
       D:11 |    6520 |    4166 |  39.0 |      22 |      23 |  51.1
       D:12 |     771 |       9 |   1.2 |       3 |       3 |  50.0
     Lair:1 |    7962 |     490 |   5.8 |      20 |       4 |  16.7
     Lair:2 |    4361 |    1248 |  22.2 |      16 |       3 |  15.8
     Lair:3 |    8359 |    2794 |  25.1 |      25 |      10 |  28.6
     Lair:4 |    6735 |     802 |  10.6 |      25 |       1 |   3.8
            +---------+---------+-------+---------+---------+-------

Illustrated notes

Table legend:
 A = Kills in this place as a percentage of kills in entire the game.
 B = Kills by you in this place as a percentage of kills by you in the entire game.
 C = Kills by friends in this place as a percentage of kills by friends in the entire game.
 D = Other kills in this place as a percentage of other kills in the entire game.
 E = Experience gained in this place as a percentage of experience gained in the entire game.
 F = Experience gained in this place divided by the number of levels of this place that you have seen.
                   A       B       C       D       E      F
               +-------+-------+-------+-------+-------+----------------------
         Total | 100.0 | 100.0 |   N/A | 100.0 | 100.0 | 3230.4
       Dungeon |  71.8 |  71.5 |   N/A |  87.5 |  43.7 | 1953.5
          Lair |  28.2 |  28.5 |   N/A |  12.5 |  56.3 | 8187.8
               +-------+-------+-------+-------+-------+----------------------

Table legend: (Time is in decaauts)
 A = Elapsed time spent in this place.
 B = Non-inter-level travel time spent in this place.
 C = Inter-level travel time spent in this place.
 D = Time resting spent in this place.
 E = Time spent auto-exploring this place.
 F = Levels seen in this place.
 G = Mean time per level.
                   A        B        C        D        E       F      G
               +--------+--------+--------+--------+--------+-----+--------+
         Total |  21199 |  20512 |    687 |   2574 |  12680 |  18 | 1177.7 |
       Dungeon |  14257 |  13693 |    564 |   1584 |   8428 |  13 | 1096.7 |
        Temple |     98 |     79 |     19 |      0 |     57 |   1 |   98.0 |
          Lair |   6844 |   6741 |    103 |    990 |   4195 |   4 | 1711.0 |
               +--------+--------+--------+--------+--------+-----+--------+

Top non-repeatable levels by time:
  Lair:3: 2048 daAuts
    D:11: 1970 daAuts
  Lair:4: 1927 daAuts
     D:1: 1604 daAuts
  Lair:1: 1602 daAuts
     D:3: 1430 daAuts
     D:4: 1416 daAuts
     D:5: 1363 daAuts
     D:9: 1326 daAuts
  Lair:2: 1265 daAuts
     D:2: 1169 daAuts
     D:6: 1030 daAuts
     D:8: 940 daAuts
    D:10: 931 daAuts
     D:7: 866 daAuts
